[Event "Romanian Team Blitz Open 2022"]
[Site "Sebes"]
[Date "2022.12.04"]
[Round "4.2"]
[White "Filip, Lucian-Ioan"]
[Black "Jianu, Vlad-Cristian"]
[Result "0-1"]
[ECO "D30"]
[WhiteElo "2370"]
[BlackElo "2516"]
[Annotator "TA"]
[PlyCount "59"]
[EventDate "2022.12.04"]
[EventType "blitz"]
[EventCountry "ROU"]
[SourceTitle "playchess.com"]
[Source "ChessBase"]
[SourceQuality "1"]
[TimeControl "180+2"]

1. Nf3 d5 2. d4 e6 3. c4 a6 4. Bg5 Be7 5. Bxe7 Qxe7 6. Qb3 {[%emt 0:00:25] D30: Queen's Gambit Declined: Systems without Nc3.} Nf6 7. e3 {[%emt 0:00:22] [#]} O-O $146 ({Predecessor:} 7... Nbd7 8. Nbd2 c6 9. Bd3 O-O 10. Qc2 h6 11. O-O e5 12. e4 dxe4 13. Nxe4 Nxe4 14. Bxe4 exd4 15. Nxd4 {½-½ (50) Koykka,P (2303)-Kiik,K (2374) Jyvaskyla 2015}) 8. Nbd2 {[%emt 0:00:12] White has an edge.} dxc4 9. Nxc4 b5 10. Na5 c5 11. dxc5 Qxc5 12. Be2 Qb6 13. Nc4 Qc7 14. Nce5 Qa5+ 15. Qc3 (15. Nd2 {is interesting.} Rd8 16. Rd1 Bb7 17. O-O) 15... Qxc3+ 16. bxc3 Bb7 17. a4 Nc6 18. O-O Ne4 19. Rfc1 (19. Nxc6 $11 Bxc6 20. Rfc1) 19... Nxe5 $15 20. Nxe5 Nc5 {[%emt 0:00:27] [#] ...Nb3 is the strong threat.} 21. Rcb1 {[%emt 0:00:08] Inhibits Nb3.} ({White should play} 21. Bd1 $15) 21... bxa4 (21... f6 $17 22. Nf3 Nxa4) 22. Nd3 $11 Nxd3 23. Bxd3 Bc6 24. Rb6 Rfd8 25. Be2 (25. Bxh7+ $14 Kxh7 26. Rxc6) 25... Rd2 26. Bf3 {[%emt 0:00:02] The position is equal.} Bxf3 27. gxf3 Rc2 28. Rxa4 Rxc3 29. Rbxa6 Rxa6 30. Rxa6 {[%emt 0:00:04][%mdl 32768] Weighted Error Value: White=0.21 (precise) /Black=0.14 (very precise) . Loss on time!?} 0-1

[Event "Romanian Team Blitz Open 2022"]
[Site "Sebes"]
[Date "2022.12.04"]
[Round "4.3"]
[White "Parligras, Mircea-Emilian"]
[Black "Secheres, Adrian-Simion"]
[Result "0-1"]
[ECO "E71"]
[WhiteElo "2567"]
[BlackElo "2365"]
[Annotator "TA"]
[PlyCount "106"]
[EventDate "2022.12.04"]
[EventType "blitz"]
[EventCountry "ROU"]
[SourceTitle "playchess.com"]
[Source "ChessBase"]
[SourceQuality "1"]
[TimeControl "180+2"]

1. d4 Nf6 2. c4 g6 3. Nc3 Bg7 4. e4 d6 5. h3 O-O 6. Be3 e5 7. d5 Na6 8. g4 {[%emt 0:00:01] E71: King's Indian: 4 e4 d6 5 h3.} Nc5 9. f3 a5 10. Qd2 {[%emt 0:00:02] White is slightly better.} c6 11. Nge2 a4 12. Ng3 cxd5 13. cxd5 h5 {[%emt 0:00:02] [#]} 14. h4 $146 ({Better is} 14. Nb5 $16) ({Predecessor:} 14. Rg1 h4 15. Nge2 Qa5 16. Nc1 Bd7 17. Nd3 b6 18. Nxc5 bxc5 19. Bc4 Rfb8 20. Kf2 {0-1 (51) Bharath,S (2479)-Demchenko,A (2654) Chess.com INT 2022}) 14... hxg4 $11 15. h5 Re8 (15... gxf3 $2 16. h6 Nfxe4 17. Ngxe4 (17. Ncxe4 Nxe4 18. Nxe4 Bf6 $18) 17... Nxe4 18. Nxe4 $18) (15... Nh7 $11) 16. hxg6 $16 fxg6 17. Bxc5 dxc5 18. Bc4 {[%emt 0:00:02] Qg5 is the strong threat.} Qa5 (18... gxf3 $142 19. Qg5 f2+ 20. Kd2 Qd7) 19. O-O-O ({White should try} 19. a3 $1 b5 20. Bxb5) 19... Qb4 $2 (19... a3 $16) 20. Qd3 $1 $18 a3 (20... gxf3 21. a3 Qb6 22. d6+ (22. Qxf3 Bg4 $18) 22... Be6 23. Nb5) 21. b3 gxf3 $2 (21... Bd7 {was necessary.} 22. fxg4 Rab8) 22. d6+ Be6 {[%emt 0:00:24] Hoping for ...Bxc4.} 23. Nd5 $4 (23. d7 $18 {was the only winning move.}) 23... Nxd5 $1 $19 24. exd5 (24. d7 Nf4 25. dxe8=Q+ Rxe8 26. Bxe6+ Nxe6 27. Qxf3) 24... e4 (24... Bg4 25. d7 Bxd7 26. d6+ Re6 27. Rh4 $18 (27. Qxf3 Rf8 $16)) 25. Qd2 Qxd2+ 26. Kxd2 Bf7 (26... Bd7 $142 27. Rde1 b5) 27. Rde1 {[%emt 0:00:12] Against b5} e3+ 28. Rxe3 f2 29. Rf3 (29. Re6 $17 {is a better defense.}) 29... Bd4 {[%emt 0:00:04] This pair of bishops is nice.} ({Black should play} 29... b5 $1 $19 30. Bxb5 Bxd5 31. Rxf2 Reb8) 30. Ne2 $17 {[%emt 0:00:11] Threatens to win with Nxd4.} Rad8 (30... Re4 $17 {White must now prevent ...Rd8.} 31. Nf4 Rd8) 31. Nxd4 $11 {[%emt 0:00:03][%mdl 64] Remove Defender} cxd4 32. Rxf2 {[%emt 0:00:02] aiming for Rhf1.} Rxd6 33. Rhf1 (33. Rfh2 $11) 33... Bxd5 $17 {[%emt 0:00:02] Black is more active.} 34. Bxd5+ Rxd5 {[%emt 0:00:02][%mdl 4096] Endgame KRR-KRR} 35. Rf6 Kg7 (35... Rg5 $19 36. R1f2 Rg1) 36. Rf7+ {[%emt 0:00:02] [#]} Kh6 $1 37. Rxb7 {[%emt 0:00:03] [#]} d3 $1 {[%emt 0:00:02][%cal Bd4d3,Bd3d2][%mdl 32] And now ...Re2+ would win.} 38. Rf2 {[%emt 0:00:02] Against Re2+} (38. Rh1+ $17 Rh5 39. Rg1) 38... Rc8 $19 {[%emt 0:00:02] ( -> ...Rc2+)} 39. Rbf7 $2 (39. Kd1 $19) 39... Rc2+ 40. Kd1 Rb2 41. Rf1 d2 42. Rh1+ Rh5 43. Rxh5+ {[%emt 0:00:02] Black mates.} Kxh5 {[%emt 0:00:02] KR-KR} 44. b4 Rxa2 45. Ra7 g5 46. b5 g4 47. b6 Rb2 48. Rxa3 Rxb6 49. Kxd2 Re6 50. Ra8 Kh4 51. Rh8+ Kg3 52. Rg8 Kh3 53. Rh8+ Kg2 {[%emt 0:00:01] What a bad dream for White.   Weighted Error Value: White=0.55/Black=0.44} 0-1

[Event "Romanian Team Blitz Open 2022"]
[Site "Sebes"]
[Date "2022.12.04"]
[Round "4.4"]
[White "Nastore, Pavel-Alexandru"]
[Black "Gavrilescu, David"]
[Result "0-1"]
[ECO "E05"]
[WhiteElo "2218"]
[BlackElo "2523"]
[Annotator "TA"]
[PlyCount "95"]
[EventDate "2022.12.04"]
[EventType "blitz"]
[EventCountry "ROU"]
[SourceTitle "playchess.com"]
[Source "ChessBase"]
[SourceQuality "1"]
[TimeControl "180+2"]

1. d4 d5 2. Nf3 Nf6 3. g3 e6 4. Bg2 Be7 5. O-O O-O 6. c4 dxc4 7. Ne5 Nc6 8. Bxc6 bxc6 9. Nxc6 Qe8 10. Nxe7+ Qxe7 11. Qc2 c5 12. Qxc4 cxd4 13. Qxd4 e5 {[%emt 0:00:01] E05: Open Catalan: 5 Nf3 Be7.} 14. Qh4 h6 {[%emt 0:00:02] Against Bg5} 15. Nc3 Bb7 {[%emt 0:00:30] Inhibits Ne4. The position is equal.} 16. Be3 {[%emt 0:00:06] 16.e4 is vanishing.} Qe6 17. f3 e4 (17... Rfc8 $11 18. Qb4 Nd5 19. Nxd5 (19. Qxb7 Nxe3 20. Rfc1 Qh3 $11) 19... Bxd5) 18. Bd4 (18. f4 $1 $14) 18... exf3 $11 19. exf3 Nd5 (19... Nh7 $5 20. Rae1 Qc6 $14) 20. Rfe1 {[%emt 0:00:13] [#]} Qf5 $146 {[%emt 0:00:05] [#] Threatens to win with ...Nxc3.} ({Predecessor:} 20... Qc6 21. Qg4 g6 22. Kg2 Nxc3 23. Bxc3 f5 24. Qf4 g5 25. Qe3 Rfe8 26. Qf2 g4 {½-½ (56) Shapiro,D (2284)-Zaichenko,D (2104) Chess.com INT 2021}) 21. Qe4 Qd7 {[%emt 0:00:18] White must now prevent ...Nxc3.} 22. Qe5 (22. Nxd5 {simplifies} Bxd5 23. Qg4 Qxg4 24. fxg4 Rfd8 25. h3) 22... f6 23. Qe6+ Qxe6 24. Rxe6 Nxc3 25. Bxc3 Bxf3 26. Rae1 Rad8 27. Kf2 Bd5 28. Re7 Rf7 29. a3 h5 30. Bb4 a6 31. Rxf7 Kxf7 {[%emt 0:00:01][%mdl 4096] Endgame KRB-KRB} 32. Re7+ Kg6 33. Bc3 Rd6 34. Ke3 Bc4 35. Kf4 Rd1 36. Re4 Rf1+ 37. Ke3 Bb5 38. a4 Bd7 39. Re7 (39. Rd4 $11 Bc6 40. Rd6 Bxa4 41. Rxa6) 39... Bxa4 $15 40. Ra7 Bb5 41. Bb4 Rh1 42. Bf8 Rxh2 43. Rxg7+ Kf5 44. Be7 (44. b4 $15) 44... Rxb2 {[%emt 0:00:03] Black is more active.} 45. Rf7 $2 {[%emt 0:00:01] [#]} (45. Bd8 $17 {keeps fighting.}) 45... Ke6 (45... Re2+ $142 46. Kd4 Kg6 47. Rxf6+ Kg7) 46. Rh7 Kf5 $2 ({Black should play} 46... Rg2 $19 {And now ...Bc6 would win.} 47. Bd8 Rxg3+ 48. Kf2 Rg8) 47. Rh6 $2 (47. Rf7 $11) 47... Re2+ $19 48. Kd4 {[%emt 0:00:10] Weighted Error Value: White=0.32/Black=0.14 (very precise)} 0-1

[Event "Romanian Team Blitz Open 2022"]
[Site "Sebes"]
[Date "2022.12.04"]
[Round "4.5"]
[White "Costachi, Mihnea"]
[Black "Ardelean, George-Catalin"]
[Result "1/2-1/2"]
[ECO "D31"]
[WhiteElo "2476"]
[BlackElo "2473"]
[Annotator "TA"]
[PlyCount "63"]
[EventDate "2022.12.04"]
[EventType "blitz"]
[EventCountry "ROU"]
[SourceTitle "playchess.com"]
[Source "ChessBase"]
[SourceQuality "1"]
[TimeControl "180+2"]

1. d4 d5 2. c4 e6 3. Nc3 a6 4. cxd5 exd5 5. Qc2 c6 6. Nf3 {[%emt 0:00:04] D31: Queen's Gambit Declined: Semi-Slav without ...Nf6 (+ Marshall Gambit and Noteboom) and Exchange Variation lines without ...Nf6.} Bd6 7. Bg5 Ne7 8. e3 f6 9. Bh4 Bf5 10. Bd3 Bxd3 11. Qxd3 O-O 12. Bg3 {[%emt 0:00:03] [#]} Nc8 $146 ({Predecessor:} 12... b5 13. Rc1 a5 14. O-O Bxg3 15. hxg3 Nd7 16. Ne2 Nb6 17. Nf4 Qd6 18. g4 a4 {1-0 (62) Koneru,H (2553)-Ushenina,A (2442) Hengshui 2019}) 13. O-O Re8 (13... Bxg3 $11 14. fxg3 (14. hxg3 Nd6 $11) 14... Nd6) 14. Nh4 (14. e4 $14) 14... Bxg3 $11 {[%emt 0:00:07] The position is equal.} 15. hxg3 Nd6 {[%emt 0:00:06] Against e4} 16. Nf5 Nxf5 17. Qxf5 Nd7 18. e4 dxe4 19. Nxe4 Nf8 20. Rad1 Qe7 21. Nc3 Rad8 22. a3 Qe6 23. Qxe6+ Nxe6 24. d5 cxd5 25. Nxd5 Kf7 26. Rfe1 Rd6 27. Ne3 Red8 28. Rxd6 Rxd6 29. Re2 Nd4 30. Re1 Ne6 31. Re2 Nd4 32. Re1 {[%emt 0:00:01] A rather calm draw.   Weighted Error Value: White=0.08 (flawless) /Black=0.07 (flawless)} 1/2-1/2

[Event "Romanian Team Blitz Open 2022"]
[Site "Sebes"]
[Date "2022.12.04"]
[Round "4.6"]
[White "Murariu, Andrei"]
[Black "Ileana, George"]
[Result "0-1"]
[ECO "B94"]
[WhiteElo "2493"]
[BlackElo "2343"]
[Annotator "TA"]
[PlyCount "75"]
[EventDate "2022.12.04"]
[EventType "blitz"]
[EventCountry "ROU"]
[SourceTitle "playchess.com"]
[Source "ChessBase"]
[SourceQuality "1"]
[TimeControl "180+2"]

1. e4 c5 2. Nf3 d6 3. d4 cxd4 4. Nxd4 Nf6 5. Nc3 a6 6. Bg5 Nbd7 7. f4 h6 8. Bh4 g6 {[%emt 0:00:01] B94: Sicilian Najdorf: 6 Bg5 Nbd7.} 9. Qf3 Bg7 10. O-O-O O-O (10... e5 $11 {should be considered.} 11. fxe5 Nxe5) 11. g4 $14 e5 {[%emt 0:00:20] [#]} 12. Nb3 $146 (12. Nf5 $1 $14 {is the one way to stay ahead.} gxf5 13. gxf5) ({Predecessor:} 12. fxe5 Nxe5 13. Bxf6 Bxf6 14. Qg2 Bxg4 15. Be2 Bxe2 16. Ncxe2 Qb6 17. h4 Rac8 18. Nf4 {0-1 (55) Tang,A-Gao,Y Al Ain 2013}) 12... exf4 $17 {[%emt 0:00:04] ...g5 is the strong threat. White is now going downhill.} 13. g5 Nh5 {[%emt 0:00:18] White must now prevent ...Ne5.} 14. gxh6 (14. Rxd6 $2 {is the wrong capture.} hxg5 15. Bf2 Qe7 $19) 14... Qxh4 15. hxg7 Kxg7 {[%emt 0:00:02] aiming for ...Ne5.} 16. Rxd6 {[%emt 0:00:14] [#]} (16. Qh3 $17 {was necessary.} Qg5 17. Qf3) 16... Ne5 $1 $19 17. Qd1 {[%emt 0:00:10] [#]} Bg4 $1 $36 {[%emt 0:00:11][%mdl 2048] Keeping White busy.} 18. Be2 (18. Qd4 f6 19. Nd1) 18... f3 19. Bd3 (19. Bc4 {was worth a try.} Rfd8 20. Rxd8 Rxd8 21. Bd5) 19... Rad8 20. Rxd8 Rxd8 21. Nd5 Nf6 22. Nxf6 Qxf6 23. Qd2 Bh3 24. Qe3 Ng4 25. e5 Nxe3 ({And not} 25... Qxe5 26. Qxf3 Rh8 27. a3 $15) 26. exf6+ Kxf6 {[%emt 0:00:01] Black is clearly winning.} 27. Nd2 Bg2 28. Ne4+ Kg7 29. Re1 Ng4 30. Rg1 Nxh2 31. Nf2 Rd4 32. c3 Rh4 33. Kd2 Ng4 34. Nxg4 Rxg4 35. Ke3 Ra4 36. a3 Ra5 37. c4 f5 38. Bc2 {[%emt 0:00:07] Weighted Error Value: White=0.66/Black=0.33} 0-1

[Event "Romanian Team Blitz Open 2022"]
[Site "Sebes"]
[Date "2022.12.04"]
[Round "4.7"]
[White "Negrean, Andrei"]
[Black "Grecescu, Gabriel-Andrei"]
[Result "1-0"]
[ECO "A46"]
[WhiteElo "1991"]
[BlackElo "2388"]
[Annotator "TA"]
[PlyCount "127"]
[EventDate "2022.12.04"]
[EventType "blitz"]
[EventCountry "ROU"]
[SourceTitle "playchess.com"]
[Source "ChessBase"]
[SourceQuality "1"]
[TimeControl "180+2"]

1. d4 Nf6 2. Nf3 e6 3. g3 b5 4. Bg2 Bb7 5. O-O c5 6. c3 cxd4 7. cxd4 Be7 8. Bg5 O-O 9. Qd3 b4 $2 {[%emt 0:00:04] [#] A46: 1 d4 Nf6 2 Nf3 e6: Torre, London and Colle Systems.} (9... a6 $11) 10. Bxf6 $146 ({Predecessor:} 10. Re1 Be4 11. Qd1 h6 12. Bxf6 Bxf6 13. Nbd2 Bb7 14. Qb3 a5 15. e4 Na6 16. Bf1 d6 {½-½ (16) Falk,U (2225)-Sobeck,G Germany 1994}) 10... Bxf6 {[%emt 0:00:09] [#]} 11. Ng5 $1 Bxg5 {[%emt 0:00:02] White is clearly better.} 12. Bxb7 Nc6 13. Bxa8 Qxa8 14. Nd2 f5 15. Nf3 Bf6 16. Rad1 Ne7 17. Rc1 Nd5 18. Ne5 Bxe5 19. dxe5 f4 20. e4 Nb6 21. f3 Qe8 22. g4 {[%emt 0:00:12] Inhibits Qh5.} Qg6 23. Kg2 h5 24. h3 Qg5 25. Qd4 Qh4 {[%emt 0:00:07] White must now prevent ...Qg3+.} 26. Qf2 {[%emt 0:00:02] Inhibits Qg3+.} ({And not} 26. Qxb4 Qg3+ 27. Kh1 Qxh3+ 28. Kg1 Qg3+ 29. Kh1 Qh4+ 30. Kg1 hxg4 $17) 26... Qg5 27. Rc5 Nc8 28. Kh2 hxg4 29. hxg4 Ne7 30. Rh1 Nc6 31. Kg2 Nxe5 $2 (31... Qd8 32. Rh5 Qb6) 32. Rh5 Qe7 33. Rcxe5 d6 34. Reg5 Rc8 35. Rb5 (35. Qh4 $142 Qxg5 36. Qxg5 Kf7 37. Qxf4+ Ke7 38. Rb5 Rc2+ 39. Kg3 Rc7 40. Rb8) 35... e5 36. Rxb4 Rc1 37. Rb8+ Kf7 38. Rf5+ Ke6 39. Rb3 (39. Qd2 $142 Rc5 40. b4 Qh4 41. bxc5 Qg3+ 42. Kf1 Qxf3+ 43. Ke1 Qg3+ 44. Kd1 Qg1+ 45. Kc2 Qxc5+ 46. Kb2 Qd4+ 47. Qxd4 exd4 48. Rg8) 39... g6 {[%emt 0:00:01] [#]} 40. Rc3 (40. Rb8 $142 $1 {[%cal Of2d2] Threatening mate with Qd2!} gxf5 41. exf5+ Kf7 42. Qd2) 40... Rxc3 41. bxc3 {[%emt 0:00:01][%cal Og2h3] And now Kh3! would win. Dancing on a razor blade.} gxf5 42. gxf5+ {[%emt 0:00:02][%mdl 4096] Endgame KQ-KQ} Kf7 43. Kf1 {[%emt 0:00:01] Threatens to win with Qg1.} Qb7 (43... Qc7 $142 44. Kg2 Kf8) 44. Qc2 Qb5+ 45. Kf2 Qc5+ (45... Qd7 {was necessary.} 46. Qb3+ Kg7) 46. Kg2 {[%emt 0:00:01] Qb3+ is the strong threat.} Qe3 47. Qb3+ Kg7 48. Qb7+ Kh6 {[%emt 0:00:01] [#]} (48... Kf6 $142 49. Qb2 Kg5) 49. Qb2 $1 {[%emt 0:00:04] Strongly threatening Qf2.} Kg5 $2 (49... Kg7 50. Qf2 Qxc3 51. Qxa7+ Kf6) 50. a4 $2 ({White must play} 50. Qf2 $18 Qc5 51. Qxc5 dxc5 52. c4) 50... d5 $11 51. exd5 {[%emt 0:00:02] aiming for Qc2.} e4 52. Qf2 exf3+ (52... Qxf2+ $11 {remains equal.} 53. Kxf2 e3+ 54. Ke1 (54. Ke2 Kxf5 55. Ke1 Kf6 $11) 54... Kxf5) 53. Qxf3 $16 Qd2+ 54. Kh3 Kxf5 55. c4 (55. Qg4+ $16 Ke4 56. Qe6+ Kf3 57. d6 Qxc3 58. Qd5+ Ke2+ 59. Kg4) 55... Ke5 $1 $11 56. Kg4 Qd4 $2 (56... a5 $11 57. Qf1 Qe3) 57. Qe2+ $18 Kd6 58. Kf3 (58. Qe6+ $142 Kc7 59. Qc6+ Kd8 60. c5) 58... Kc5 $2 (58... Qf6 59. Qe6+ Qxe6 60. dxe6 Kxe6 61. Kxf4 Kd6) 59. a5 $2 (59. Qf2 $18 {White threatens Qxd4+ and mate.} Qxf2+ 60. Kxf2 Kd6 61. Ke2 Ke5 62. Kf3 a5 63. Kg2 Ke4 64. d6) 59... Qc3+ 60. Kxf4 Qf6+ 61. Ke3 {[%emt 0:00:05] Hoping for Kd3.} Qe5+ $2 (61... a6 $14 62. Kd3 Qf5+ 63. Kd2 Qb1) 62. Kd3 Qf5+ 63. Qe4 Qh3+ (63... Qf1+ $18 64. Kc3 Qh3+ 65. Qd3 Qh8+ 66. Kb3 Qb8+ 67. Ka3 Qe5) 64. Qe3+ {[%emt 0:00:08] Weighted Error Value: White=0.23 (precise) /Black=0.80} 1-0

[Event "Romanian Team Blitz Open 2022"]
[Site "Sebes"]
[Date "2022.12.04"]
[Round "4.8"]
[White "Cnejev, Vladimir-Alexandru"]
[Black "Tampea, Radu"]
[Result "1-0"]
[ECO "B31"]
[WhiteElo "2293"]
[BlackElo "2110"]
[Annotator "TA"]
[PlyCount "81"]
[EventDate "2022.12.04"]
[EventType "blitz"]
[EventCountry "ROU"]
[SourceTitle "playchess.com"]
[Source "ChessBase"]
[SourceQuality "1"]
[TimeControl "180+2"]

1. e4 c5 2. Nf3 Nc6 3. Bb5 g6 4. O-O Bg7 5. Re1 e5 6. Bxc6 dxc6 7. d3 Qe7 8. Nbd2 Nf6 9. Nc4 Nd7 10. Bd2 {[%emt 0:00:05] B31: Sicilian: 2...Nc6 3 Bb5 g6.} b6 11. a3 Ba6 12. Ne3 {[%emt 0:00:59] The position is equal.} O-O 13. b4 {[%emt 0:00:01] [#]} h6 $146 ({Predecessor:} 13... f5 14. exf5 gxf5 15. Bc3 Rad8 16. Qb1 e4 17. Bxg7 Qxg7 18. Nh4 exd3 19. Nhxf5 Qc3 {½-½ (32) Damljanovic,B (2504)-Roganovic,M (2490) Vrnjacka Banja 2021}) 14. Bc3 Kh7 15. Qc1 Bb7 16. Qb2 Rfe8 17. bxc5 Nxc5 18. a4 Nd7 19. a5 c5 (19... b5 $11) 20. Ra3 Bc6 21. axb6 axb6 22. Rea1 Rxa3 23. Rxa3 b5 24. Ra7 Qd6 25. Qb3 Rf8 26. Bb2 f5 27. Nd2 ({White should play} 27. exf5 $14 gxf5 28. Nh4) 27... fxe4 (27... c4 $1 $11 28. Qc3 (28. dxc4 $2 Qxd2 29. Qc3 Qe2 $19) 28... fxe4) 28. Nxe4 $16 Bxe4 29. dxe4 Qd2 30. f3 {[%emt 0:00:02] Active counter play!} Qe1+ $2 (30... b4) 31. Nf1 $18 Nf6 32. Qe3 $2 (32. Qxb5 Nxe4 33. Bxe5 Qf2+ 34. Kh1 Nf6 $18) (32. Qe6 {Threatens to win with Qe7.} c4 33. Qxe5 Qf2+ 34. Kxf2 Ng4+ 35. Ke2 Nxe5 36. Bxe5) 32... Qb1 $2 (32... Qxe3+ {was necessary.} 33. Nxe3 Rd8) 33. Bxe5 (33. Qxc5 $2 Qxb2 34. Rb7 Kh8 35. Rxb5 Qa1 $19) 33... Qxc2 34. h3 $2 (34. Qf4 $18 {and the rest is easy.} Qc4 35. Bxf6) 34... Qc4 $16 35. Nd2 Qe6 36. Qxc5 $40 {[%emt 0:00:03][%mdl 128] [#] Strongly threatening Re7. Black needs to defend precisely.} (36. Bxf6 {simplifies} Rxf6 37. Qxc5 Qb6 38. Rc7) 36... Rd8 $2 (36... Nd7 $14 37. Qc7 (37. Qxb5 $2 {loses.} Nxe5 38. Qa6 Qe8 $19) 37... Qxe5 38. Qxd7 Rd8 39. Qxd8 Qc5+ 40. Kf1 Qxa7) 37. Bd4 $2 ({But not} 37. Qc7 $2 Rd7 38. Qb8 Rxa7 39. Bxf6 Rd7 40. Bxg7 Kxg7 $19) (37. Re7 Qc8 38. Rxg7+ Kxg7 39. Qe7+ (39. Qxb5 $2 {is the wrong capture.} Rxd2 40. Qb6 Qd8 $19) 39... Kg8 40. Qxf6) 37... Rd7 $18 38. Nf1 Rxa7 39. Qxa7 b4 40. Qb6 $2 {[%emt 0:00:03] Prevents Qc6.} (40. Ne3 $18) 40... b3 $2 {[%emt 0:00:01][%mdl 8192] [#]} 41. Qxe6 {[%emt 0:00:01] Weighted Error Value: White=0.69/Black=0.60} 1-0

[Event "Romanian Team Blitz Open 2022"]
[Site "Sebes"]
[Date "2022.12.04"]
[Round "4.9"]
[White "Anton, Teodor"]
[Black "Nastase, Robert-Paul"]
[Result "0-1"]
[ECO "E17"]
[WhiteElo "2438"]
[BlackElo "2229"]
[Annotator "TA"]
[PlyCount "54"]
[EventDate "2022.12.04"]
[EventType "blitz"]
[EventCountry "ROU"]
[SourceTitle "playchess.com"]
[Source "ChessBase"]
[SourceQuality "1"]
[TimeControl "180+2"]

1. Nf3 Nf6 2. c4 e6 3. g3 b6 4. Bg2 Bb7 5. O-O Be7 6. Nc3 O-O 7. d4 d5 8. b3 c5 9. e3 Nbd7 10. Bb2 Rc8 11. cxd5 Nxd5 12. Nxd5 Bxd5 13. Qe2 cxd4 {[%emt 0:00:07] E17: Queen's Indian: 4 g3 Bb7 5 Bg2 Be7.} 14. Nxd4 Bxg2 15. Kxg2 Nc5 {[%emt 0:00:12] [#] The position is equal.} 16. Rfd1 $146 {[%emt 0:00:26][%cal Od4e6] [#] Threatens to win with Nxe6!} ({Predecessor:} 16. e4 Qd7 17. Kg1 Qb7 18. Rfe1 Rfd8 19. Rad1 a6 20. h4 Bf6 21. e5 Be7 22. Qg4 {½-½ (43) Kenney,J (2201)-Sohal,T (2374) Richmond 2017}) 16... Qd5+ 17. Qf3 {[%emt 0:00:12] Strongly threatening Qxd5.} Rfd8 (17... Qxf3+ {simplifies} 18. Kxf3 Rfd8 19. Ke2 f6) 18. Qxd5 Rxd5 19. Nb5 Rxd1 20. Rxd1 a6 21. Nd4 Bf6 22. Kf3 (22. Rc1 $5 a5 23. Rc2 $11) 22... Kf8 {[%emt 0:00:19] [#] ...e5 is the strong threat.} (22... e5 $5 23. Nf5 $8 (23. b4 $2 Na4 $19) 23... Ne6 $14) 23. Ke2 Ne4 24. Rd3 (24. f3 $11 Nc3+ 25. Bxc3 Rxc3 26. f4) 24... Bxd4 $17 {[%emt 0:00:21] Black is more active.} 25. Bxd4 (25. Rxd4 $17 {was worth a try.} Rc2+ 26. Kd3 Rxb2 27. Kxe4) 25... Rc2+ $19 26. Kd1 Rxa2 27. Bxb6 $2 (27. Ke1) 27... Nxf2+ {[%emt 0:00:01] Weighted Error Value: White=0.70/Black=0.05 (flawless)} ({Inferior is} 27... Rxf2 28. h4 $17) 0-1

[Event "Romanian Team Blitz Open 2022"]
[Site "Sebes"]
[Date "2022.12.04"]
[Round "4.10"]
[White "Daianu, Cristian-Clement"]
[Black "David, Alexandru-Vasile"]
[Result "1-0"]
[ECO "B72"]
[WhiteElo "2189"]
[BlackElo "2404"]
[Annotator "TA"]
[PlyCount "53"]
[EventDate "2022.12.04"]
[EventType "blitz"]
[EventCountry "ROU"]
[SourceTitle "playchess.com"]
[Source "ChessBase"]
[SourceQuality "1"]
[TimeControl "180+2"]

1. e4 c5 2. Nf3 d6 3. d4 cxd4 4. Nxd4 Nf6 5. Nc3 g6 6. Be2 Bg7 7. Be3 Nc6 8. h4 {[%emt 0:00:01] 8.Qd2 gains popularity.} h5 {[%emt 0:00:04] B72: Sicilian Dragon: 6 Be3, lines with h3+Bc4 and sidelines.} 9. Qd2 Ng4 10. Bxg4 Bxg4 {[%emt 0:00:01] The position is equal.} 11. f3 Bd7 12. O-O-O Ne5 13. b3 {[%emt 0:00:01] Inhibits Nc4.} Qa5 {[%emt 0:00:08] Strongly threatening ...Rc8.} 14. Kb1 Rc8 15. Nd5 Qxd2 16. Rxd2 {[%emt 0:00:01] [#]} e6 $146 ({Predecessor:} 16... Nc6 17. a4 Be5 18. Rhd1 b6 19. c4 Nxd4 20. Bxd4 Bxd4 21. Rxd4 Bc6 22. Kb2 f6 {1-0 (45) Baron Rodriguez,J (2205)-Vila Dupla,A (2295) Zaragoza 1996}) 17. Nb4 (17. Nf4 $5 ) 17... a5 18. Nd3 b5 19. Nxe5 Bxe5 (19... dxe5 $5 20. Ne2 $8 Bc6 $11) 20. Ne2 Rc7 (20... Bc6 $11) 21. Bb6 $16 Rc6 22. Bxa5 f5 23. Rhd1 fxe4 24. fxe4 O-O 25. Ng1 ({White should try} 25. Bb4 $16) 25... Bf4 (25... Ra8 $11 {keeps the balance.} 26. Bb4 Rca6) 26. Rd3 Rfc8 27. c3 {[%emt 0:00:02] Weighted Error Value: White=0.11 (very precise) /Black=0.18 (very precise)} 1-0